 Dungeon Crawl Stone Soup version 0.23.0-33-g5e6c059 (webtiles) character file.

Game seed: 0

2807 dengdeng the Cleaver (level 9, 0/81 HPs)
             Began as a Minotaur Berserker on Feb 26, 2019.
             Was a High Priest of Trog.
             Slain by a killer bee (5 damage)
             ... on level 7 of the Dungeon.
             The game lasted 00:22:19 (6469 turns).

dengdeng the Cleaver (Minotaur Berserker)           Turns: 6469, Time: 00:22:20

Health: 0/81       AC: 18    Str: 24    XL:     9   Next: 44%
Magic:  8/8        EV:  8    Int:  4    God:    Trog [*****.]
Gold:   213        SH:  0    Dex: 11    Spells: 8/8 levels left

rFire    . . .     SeeInvis .   A - +0 war axe
rCold    . . .     Gourm    .   (no shield)
rNeg     . . .     Faith    +   D - +0 plate armour
rPois    .         Spirit   .   w - +2 hat
rElec    .         Reflect  .   f - +1 cloak
rCorr    .         Harm     .   (no gloves)
MR       .....                  B - +0 pair of boots
Stlth    ..........             b - amulet of faith
HPRegen  0.23/turn              (no ring)
MPRegen  0.11/turn              (no ring)

@: lethally poisoned (0 -> -1)
A: retaliatory headbutt, horns 2
a: Berserk, Trog's Hand, Brothers in Arms, Renounce Religion


You were on level 7 of the Dungeon.
You worshipped Trog.
Trog was extremely pleased with you.
You were not hungry.

You visited 1 branch of the dungeon, and saw 7 of its levels.

You collected 360 gold pieces.
You spent 147 gold pieces at shops.

Inventory:

Hand Weapons
 a - a +0 hand axe
 z - a +2 flail of venom
 A - a +0 war axe (weapon)
Missiles
 h - 269 stones
 u - 9 tomahawks (quivered)
 I - 4 javelins of penetration
Armour
 f - a +1 cloak (worn)
 w - a +2 hat (worn)
 B - a +0 pair of boots (worn)
 D - a +0 plate armour (worn)
Jewellery
 b - an amulet of faith (around neck)
 F - an uncursed amulet of guardian spirit
Wands
 v - a wand of iceblast (8)
 y - a wand of acid (7)
Scrolls
 e - 6 scrolls of identify
 g - a scroll of magic mapping {unknown}
 n - 2 scrolls of immolation {unknown}
 p - 3 scrolls of enchant armour
 q - a scroll of blinking {unknown}
 r - 3 scrolls of remove curse
 s - a scroll of enchant weapon {unknown}
 x - a scroll of fear {unknown}
 C - a scroll of amnesia {unknown}
 E - a scroll of holy word {unknown}
 G - a scroll of fog {unknown}
Potions
 d - 2 potions of brilliance {unknown}
 i - a potion of invisibility {unknown}
 j - 2 potions of might {unknown}
 k - 4 potions of heal wounds {unknown}
 l - a potion of flight {unknown}
 m - 3 potions of curing {unknown}
 o - a potion of berserk rage {unknown}
 t - 2 potions of haste
Comestibles
 c - 11 rations
 H - 2 chunks of flesh


   Skills:
 + Level 7.8 Fighting
 + Level 10.9(11.0) Axes
 + Level 2.1(7.3) Maces & Flails
 + Level 3.9 Throwing
 + Level 6.9 Armour
 + Level 3.8 Dodging
 + Level 0.6 Stealth


You had 8 spell levels left.
You didn't know any spells.
Your spell library was empty.

Dungeon Overview and Level Annotations

Branches:
Dungeon (7/15)             Temple (0/1) D:5

Altars:
Elyvilon
Nemelex Xobeh
Sif Muna
Uskayaw
The Shining One

Shops:
D:5 ?   D:7 :**

Annotations:
D:6 1 runed translucent door


Innate Abilities, Weirdness & Mutations

You reflexively headbutt those who attack you in melee.
You have a pair of horns on your head.


Message History

You closely miss the killer bee.
The killer bee is severely wounded.
A crocodile comes into view.
You closely miss the killer bee.
You feel sick. The killer bee stings you.
* * * LOW HITPOINT WARNING * * *
The killer bee stings you but does no damage.
The crimson imp blinks!
Your plate armour prevents you from hitting the killer bee.
You feel sick. The killer bee closely misses you.
The killer bee stings you but does no damage.
You hit the killer bee. Your headbutt misses the killer bee.
The killer bee is lightly wounded.
The killer bee stings you but does no damage.
The killer bee barely misses you. You furiously retaliate!
You headbutt the killer bee.
Unknown command.
You barely miss the killer bee. Your headbutt misses the killer bee.
The killer bee is lightly wounded.
You feel sick. The killer bee stings you.
You die...

..## #. ##.### #.# #...#
#.# ##.#.# #.# ..##.# #.#
####.# #####.##### .###.#
###....%....# .
..##.###.......)##y#....
รท............).)@yy't.%5
..##.###.#.##..)##y#....
.#.......#.....## # .
##.#.###.#..##.# ##.#.#
#.......# .)...#
#.#.....# ##.###
#.##.#### ##.# #.##.#
##.#


You could see a crocodile, 4 killer bees and a crimson imp.

Vanquished Creatures
  Pikel (D:6)
  The ghost of Jaiteiro the Chopper, a novice HaFi of Trog (D:5)
  A sky beast (D:6)
  An orc warrior (D:7)
  A black bear (D:6)
  3 slaves (D:6)
  An ice beast (D:6)
  3 ogres
  A centaur (D:5)
  2 big kobolds (D:7)
  3 bullfrogs
  2 crimson imps (D:5)
  A quasit (D:5)
  A hound (D:4)
  A bullfrog skeleton (D:7)
  2 iguanas
  6 orc priests
  A centaur skeleton (D:4)
  9 orc wizards
  5 worker ants
  A killer bee zombie (D:7)
  2 hound skeletons
  A worker ant zombie (D:5)
  4 gnolls (D:2)
  6 adders
  An adder zombie (D:5)
  3 adder skeletons
  3 worms
  8 dart slugs (D:3)
  5 leopard geckos
  43 orcs
  A ball python (D:1)
  5 bats
  6 giant cockroaches
  6 goblins
  4 hobgoblins
  3 quokkas
  7 frilled lizards
  A jackal skeleton (D:6)
  14 kobolds
  A leopard gecko skeleton (D:4)
  11 rats
182 creatures vanquished.

Notes
Turn   | Place    | Note
-------+----------+-------------------------------------------
     0 | D:1      | dengdeng the Minotaur Berserker began the quest for the
                  | Orb.
     0 | D:1      | Reached XP level 1. HP: 19/19 MP: 0/0
   301 | D:1      | Reached XP level 2. HP: 24/27 MP: 1/1
   353 | D:1      | Reached skill level 4 in Axes
   620 | D:1      | Found a sparkling altar of Nemelex Xobeh.
   680 | D:2      | Reached ** piety under Trog
   705 | D:2      | Reached XP level 3. HP: 26/33 MP: 2/2
  1339 | D:2      | Reached XP level 4. HP: 41/41 MP: 3/3
  1835 | D:3      | Reached skill level 5 in Axes
  1835 | D:3      | Reached XP level 5. HP: 40/47 MP: 4/4
  1963 | D:3      | Reached *** piety under Trog
  2257 | D:3      | Found a glowing golden altar of the Shining One.
  2764 | D:4      | Reached skill level 1 in Throwing
  2823 | D:4      | Noticed an ogre
  2836 | D:4      | Killed an ogre
  2836 | D:4      | Reached skill level 5 in Fighting
  2836 | D:4      | Reached skill level 6 in Axes
  2836 | D:4      | Reached XP level 6. HP: 26/56 MP: 5/5
  3575 | D:4      | Reached **** piety under Trog
  3766 | D:5      | Entered Level 5 of the Dungeon
  3775 | D:5      | Reached XP level 7. HP: 57/61 MP: 6/6
  3809 | D:5      | Reached skill level 1 in Maces & Flails
  3818 | D:5      | Found Fotize's Magic Scroll Shop.
  3821 | D:5      | Bought a scroll of enchant armour for 105 gold pieces
  3821 | D:5      | Bought a scroll of remove curse for 42 gold pieces
  3824 | D:5      | Found a staircase to the Ecumenical Temple.
  3839 | D:5      | Reached skill level 7 in Axes
  4220 | D:5      | Found a deep blue altar of Sif Muna.
  4382 | D:5      | Reached skill level 8 in Axes
  4419 | D:5      | Reached XP level 8. HP: 70/70 MP: 7/7
  4486 | D:5      | Found a runed translucent gate.
  4486 | D:5      | Found a runed translucent gate.
  4486 | D:5      | Found a runed translucent gate.
  4486 | D:5      | Noticed Jaiteiro's ghost (novice HaFi)
  4691 | D:5      | Killed Jaiteiro's ghost
  4691 | D:5      | Reached skill level 9 in Axes
  4691 | D:5      | Reached skill level 5 in Armour
  5085 | D:6      | Reached ***** piety under Trog
  5100 | D:6      | Noticed Pikel
  5120 | D:6      | Killed Pikel
  5120 | D:6      | Reached skill level 10 in Axes
  5120 | D:6      | Reached XP level 9. HP: 45/79 MP: 8/8
  5262 | D:6      | Found a hide-covered altar of Uskayaw.
  5285 | D:6      | Found a white marble altar of Elyvilon.
  5285 | D:6      | Noticed an angel
  5286 | D:6      | Found a runed translucent door.
  5831 | D:7      | Found Xeg Bemi's Assorted Antiques.
  5854 | D:7      | Found Derik's General Store.
  6215 | D:7      | Received a gift from Trog
  6379 | D:7      | Found Niegres's Book Boutique.
  6469 | D:7      | Slain by a killer bee

Skill      XL: |  1  2  3  4  5  6  7  8 |
---------------+-------------------------+-----
Fighting       | 4 5 6 7 |  7.8
Axes           | 4 5 6 8 10 | 10.9
Dodging        | 3 |  3.8
Armour         | 3 4 6 |  6.9
Throwing       | 1 2 3 |  3.9
Maces & Flails | 2 |  2.1
Stealth        | |  0.6

Action                   |  1- 3 |  4- 6 |  7- 9 || total
-------------------------+-------+-------+-------++-------
Melee: Hand axe          |    73 |   145 |       ||   218
       Headbutt          |    12 |    31 |    44 ||    87
       Flail             |       |    18 |    14 ||    32
       War axe           |       |       |   201 ||   201
Throw: Stone             |     3 |    19 |     4 ||    26
       Tomahawk          |       |       |    10 ||    10
Invok: Berserk           |       |       |     2 ||     2
       Trog's Hand       |       |       |     1 ||     1
  Use: Scroll            |       |       |     2 ||     2
  Eat: Chunk             |     1 |     8 |     8 ||    17
       Ration            |       |       |     1 ||     1
Armor: Animal skin       |     1 |       |       ||     1
       Ring mail         |     9 |       |       ||     9
       Chain mail        |    11 |    93 |    85 ||   189
       Plate armour      |       |       |    86 ||    86
Dodge: Dodged            |    26 |    79 |   119 ||   224
